 Dungeon Crawl Stone Soup version 0.28-a0-704-g4d584c6bc1 (webtiles) character file.

Game seed: 5134829357194877798

53 paps the Cudgeller (level 3, 24/24 HPs)
             Began as a Demonspawn Gladiator on Oct 24, 2021.
             Was a Follower of Hepliaklqana.
             Quit the game on level 2 of the Dungeon.
             The game lasted 00:01:40 (2113 turns).

paps the Cudgeller (Demonspawn Gladiator)           Turns: 2113, Time: 00:01:41

Health: 24/24      AC:  8    Str: 15    XL:     3   Next: 64%
Magic:  3/3        EV: 11    Int:  9    God:    Hepliaklqana [*.....]
Gold:   43         SH:  0    Dex: 14    Spells: 2/2 levels left

rFire   . . .      SeeInvis .   a - +0 flail
rCold   . . .      Faith    .   (no shield)
rNeg    . . .      Spirit   .   b - +0 chain mail
rPois   .          Reflect  .   (helmet restricted)
rElec   .          Harm     .   (no cloak)
rCorr   .          Rampage  .   (no gloves)
Will    +....                   (no boots)
Stlth   ..........              (no amulet)
HPRegen 0.08/turn               g - +4 ring of evasion
MPRegen 0.08/turn               i - ring of willpower

@: no status effects
A: reduced essence, horns 1, foul stench 1
a: Renounce Religion, Recall Ancestor, Ancestor Identity


You were on level 2 of the Dungeon.
You worshipped Hepliaklqana.
Hepliaklqana was aware of your devotion.
You visited 1 branch of the dungeon, and saw 2 of its levels.

You collected 43 gold pieces.

Inventory:

Hand Weapons
 a - a +0 flail (weapon)
Missiles
 d - 3 throwing nets (quivered)
Armour
 b - a +0 chain mail (worn)
Jewellery
 g - a +4 ring of evasion (left hand)
 i - a ring of willpower (right hand)
Scrolls
 c - a scroll of fear {unknown}
 e - 3 scrolls of teleportation {unknown}
 h - a scroll of vulnerability {unknown}
Potions
 f - 2 potions of brilliance {unknown}


   Skills:
 + Level 2.3 Fighting
 + Level 3.4 Maces & Flails
 - Level 1.7 Throwing
 * Level 1.4 Armour
 + Level 3.0 Dodging


You had 2 spell levels left.
You didn't know any spells.
Your spell library was empty.

Dungeon Overview and Level Annotations

Branches:
Dungeon (2/15)

Altars:
Hepliaklqana


Innate Abilities, Weirdness & Mutations

Your life essence is reduced to manifest your ancestor. (-10% HP)
You have a pair of small horns on your head.
You may rarely emit foul miasma when damaged in melee.


Message History

a quokka corpse; a hobgoblin corpse An endoplasm comes into view.
The endoplasm quivers.
Found a ring mail.
Found a stone staircase leading down.
You sock the endoplasm!
You kill the endoplasm!
No target in view!
No target in view!
No target in view!
No target in view!
No target in view!
No target in view!
No target in view!
No target in view!
No target in view!
No target in view!
No target in view!
No target in view!
No target in view!
No target in view!
There is a stone staircase leading down here.
There is a stone staircase leading up here.
Found a faded altar of an unknown god.
Done exploring.
No target in view!
No target in view!
No target in view!
No target in view!
No target in view!
No target in view!
No target in view!
No target in view!
There is a faded altar of an unknown god here.
You cannot tell which god this altar belongs to.
Convert to them anyway?
Hepliaklqana accepts your prayer! Hepliaklqana welcomes you!
Hepliaklqana forms a fragment of your life essence into the memory of your ancestor, Namzu!
You can now recall your ancestor.
You can now remember your ancestor's identity.
Are you sure you want to abandon this character and quit the game? (Confirm with "yes".)

# #.# #####.#####
..........#
#####.###.# #.#
#.# # #.# #.# #
#.# #.#
#####.###.########
................@#
####............R#
# #.########....#
#.# ##.#[#
####.####### #.#.#
..><.......# #.#.#
####.#####.# #.#.#
#.# #.# #.#.# #.#
##.###.#.#


You could see the friendly Namzu the ancestor.

Vanquished Creatures
  An adder (D:2)
  2 bats (D:1)
  3 endoplasms
  A giant cockroach (D:1)
  4 hobgoblins
  6 jackals (D:1)
  3 quokkas
  6 ball pythons
  4 frilled lizards (D:1)
  2 goblins
  8 kobolds
40 creatures vanquished.

Notes
Turn   | Place    | Note
-------+----------+-------------------------------------------
     0 | D:1      | paps the Demonspawn Gladiator began the quest for the Orb.
     0 | D:1      | Reached XP level 1. HP: 16/16 MP: 1/1
   514 | D:1      | Gained mutation: You have a pair of small horns on your
                  | head. [demonic ancestry]
   514 | D:1      | Reached XP level 2. HP: 13/22 MP: 2/2
   966 | D:1      | Reached skill level 1 in Armour
  1333 | D:2      | Gained mutation: You may rarely emit foul miasma when
                  | damaged in melee. [demonic ancestry]
  1333 | D:2      | Reached XP level 3. HP: 25/27 MP: 3/3
  2104 | D:2      | Found a faded altar of an unknown god.
  2112 | D:2      | Prayed at the altar of an unknown god.
  2112 | D:2      | Became a worshipper of Hepliaklqana the Forgotten
  2112 | D:2      | Reached * piety under Hepliaklqana
  2113 | D:2      | Quit the game

Illustrated notes

Levels and vault maps discovered:
D:1:      tarquinn_simple_flora_water_f, layout_basic
D:2:      layout_loops_ring, basic_ecumenical_altar

Skill      XL: |  1  2 |
---------------+-------+-----
Dodging        | 3 |  3.0
Maces & Flails | 3 |  3.4
Armour         | 1 |  1.4
Fighting       | |  2.3
Throwing       | |  1.7

Action                   || total
-------------------------++-------
Melee: Flail             ||    96
       Headbutt          ||    12
Armor: Leather armour    ||    28
       Chain mail        ||    13
Dodge: Dodged            ||    68

Table legend: (Time is in decaauts)
 A = Elapsed time spent in this place.
 B = Non-inter-level travel time spent in this place.
 C = Inter-level travel time spent in this place.
 D = Time resting spent in this place.
 E = Time spent auto-exploring this place.
 F = Levels seen in this place.
 G = Mean time per level.
                   A        B        C        D        E       F      G
               +--------+--------+--------+--------+--------+-----+--------+
         Total |   2135 |   2107 |     28 |    174 |   1664 |   2 | 1067.5 |
       Dungeon |   2135 |   2107 |     28 |    174 |   1664 |   2 | 1067.5 |
               +--------+--------+--------+--------+--------+-----+--------+

Top non-repeatable levels by time:
     D:1: 1343 daAuts
     D:2: 792 daAuts
